 Dungeon Crawl Stone Soup version 0.21-a0 (webtiles) character file.

7592 Manul the Fighter (level 10, -8/90 HPs)
             Began as a Yellow Draconian Fighter on May 20, 2017.
             Mangled by a cyan ugly thing (14 damage)
             ... on level 10 of the Dungeon.
             The game lasted 00:12:37 (12090 turns).

Manul the Fighter (Yellow Draconian Fighter)       Turns: 12090, Time: 00:12:38

Health: -8/90      AC:  8    Str: 20    XL:     10   Next: 97%
Magic:  8/8        EV: 16    Int:  9    God:
Gold:   586        SH: 14    Dex: 16    Spells: 9/9 levels left

rFire    . . .     SeeInvis .   a - +1 long sword
rCold    . . .     Gourm    .   b - +0 shield
rNeg     . . .     Faith    .   (armour unavailable)
rPois    .         Spirit   .   (helmet restricted)
rElec    .         Reflect  +   (no cloak)
rCorr    +         Harm     .   (no gloves)
MR       +....     Rnd*Tele +   h - +0 pair of boots (curse)
Stlth    ++++......             M - +3 amulet of reflection
Regen    0.3/turn               g - ring of stealth
MPRegen  0.2/turn               R - ring of Mumuha {*Tele MR+ Dex+4}

@: short of breath
A: spit acid, acid resistance, unfitting armour, talons 1, low mp 2,
cold-blooded, AC +7
a: Breathe Acid


You were on level 10 of the Dungeon.
You were very hungry.

You visited 2 branches of the dungeon, and saw 12 of its levels.

You collected 631 gold pieces.
You spent 45 gold pieces at shops.

Inventory:

Hand Weapons
 a - a +1 long sword (weapon)
 H - the +5 halberd "Kidghiar" {speed, rF+ Str+2 Dex-3}
   (You found it on level 7 of the Dungeon)

   Attacks with this weapon are significantly faster.
   It affects your strength (+2).
   It affects your dexterity (-3).
   It protects you from fire.
 L - a +0 great sword
Armour
 b - a +0 shield (worn)
 h - a cursed +0 pair of boots (worn)
Jewellery
 g - a ring of stealth (left hand)
 p - an uncursed ring of protection from fire
 F - an uncursed amulet of rage
 M - a +3 amulet of reflection (around neck)
 R - the ring of Mumuha (right hand) {*Tele MR+ Dex+4}
   (You found it on level 9 of the Dungeon)

   [ring of teleportation]

   It may teleport you next to monsters.
   It affects your dexterity (+4).
   It affects your resistance to hostile enchantments.
 V - a +4 ring of strength {unknown}
Wands
 r - a wand of acid (11/15)
 w - a wand of acid (0/15)
 x - a wand of paralysis (0/24)
 K - a wand of iceblast (8/15)
 O - a wand of iceblast (8/15)
 Q - a wand of acid (4/15)
Scrolls
 e - 4 scrolls of identify
 f - 2 scrolls of fog
 j - 4 scrolls of magic mapping {unknown}
 k - 4 scrolls of remove curse {unknown}
 l - 4 scrolls of noise {unknown}
 n - 2 scrolls of fear {unknown}
 s - 3 scrolls of recharging {unknown}
 v - 3 scrolls of immolation {unknown}
 y - 5 scrolls of teleportation
 E - 4 scrolls of enchant armour {unknown}
 U - a scroll of brand weapon {unknown}
Potions
 i - a potion of magic {unknown}
 m - 2 potions of curing
 o - a potion of brilliance
 t - 3 potions of degeneration {unknown}
 u - 2 potions of cancellation
 A - 3 potions of flight
 C - a potion of heal wounds {unknown}
 I - a potion of resistance {unknown}
 J - a potion of berserk rage {unknown}
 N - a potion of mutation {unknown}
 P - a potion of agility
Books
 S - a book of the Sky

   Spells                             Type                      Level
   a - Summon Lightning Spire         Summoning/Air                4
   b - Silence                        Hexes/Air                    5
   c - Deflect Missiles               Charms/Air                   6
   d - Conjure Ball Lightning         Conjuration/Air              6
   e - Tornado                        Air                          9
Miscellaneous
 c - a lightning rod (2/4)
Comestibles
 d - 11 bread rations
 q - 3 meat rations
 B - 5 royal jellies
 G - 6 fruits


   Skills:
 + Level 8.7 Fighting
 - Level 8.1 Long Blades
 * Level 5.7 Polearms
 + Level 8.3 Dodging
 - Level 5.0 Stealth
 - Level 6.8 Shields
 + Level 1.1 Evocations


You had 9 spell levels left.
You didn't know any spells.

Dungeon Overview and Level Annotations

Branches:
Dungeon (11/15)            Temple (1/1) D:5
   Lair: D:8-11         Orc: D:9-12

Altars:
Ashenzari
Cheibriados
Hepliaklqana
Kikubaaqudgha
Qazlal
Wu Jian
Zin

Shops:
D:6 ?[%   D:7 *


Innate Abilities, Weirdness & Mutations

You can spit globs of acid.
You are resistant to acid.
Your golden yellow scales are hard. (AC +7)
You cannot fit into any form of body armour.
You are cold-blooded and may be slowed by cold attacks.
You have sharp toenails.
Your magical capacity is very low. (-20% MP)


Message History

The cyan ugly thing is almost dead.
The cyan ugly thing punches you. The cyan ugly thing shocks you!
* * * LOW HITPOINT WARNING * * *
You barely miss the cyan ugly thing.
The cyan ugly thing is severely wounded.
The cyan ugly thing punches you.
* * * LOW HITPOINT WARNING * * *
The cyan ugly thing shocks you!
* * * LOW HITPOINT WARNING * * *
The cyan ugly thing punches you but does no damage.
You feel better. You block the cyan ugly thing's attack.
It was a potion of cancellation.
Your magical effects are unravelling.
You feel magically purged.
You feel less wooden.
Your cursed +0 pair of boots unmelds from your body.
The cyan ugly thing punches you.
* * * LOW HITPOINT WARNING * * *
The cyan ugly thing shocks you!
You die...

##<........###.# #..####
#.........>.##.#
##....#.
#.......##.....##
#..#.... ####
##.....#####....#
#..#..## ##..# ##...##
##...####.....# ...##
#....# ##..##...###.##
##.## #....# #.....###
##.# #..##
#....#######....## #..
##..####.......@uY.....#
##.
##..##......#####.....#
## #...#......# ##....##
# ##..........#
##..#..### #
###...##......#
#..####..######
##..####......# ##..#
##....... ...##
##......# #..##
##..##... ..## #...#####
#### #..###### ..##
##### ##.## #


You could see a cyan ugly thing and a sky beast.

Vanquished Creatures
  2 two-headed ogres
  A deep elf mage (D:11)
  An ugly thing (D:11)
  Psyche (D:9)
  A gargoyle (D:10)
  The ghost of Manul the Poker, an amateur DrMo (D:4)
  A troll (D:10)
  Grinder (D:5)
  A spriggan (D:10)
  A hippogriff (D:10)
  A wraith (D:10)
  A steam dragon (D:8)
  A hungry ghost (D:10)
  Edmund (D:3)
  An orc warrior (D:7)
  A sky beast (D:10)
  A phantom (D:10)
  5 ogres
  4 centaurs
  3 crocodiles
  4 bullfrogs
  A big kobold (D:9)
  A gnoll sergeant (D:5)
  A wyvern skeleton (D:7)
  2 scorpions
  6 killer bees (D:10)
  5 crimson imps
  A centaur zombie (D:6)
  2 bullfrog zombies
  A jelly (D:7)
  An orc priest (D:8)
  2 bullfrog skeletons
  2 centaur skeletons
  3 hounds
  Ijyb (D:3)
  2 iguanas
  4 orc wizards
  3 worker ants
  A hound zombie (D:6)
  2 hound skeletons
  7 gnolls
  11 adders
  A shadow imp (D:5)
  2 oozes
  2 adder skeletons
  3 worms
  3 dart slugs
  6 leopard geckos
  39 orcs
  7 ball pythons
  3 giant cockroaches
  10 hobgoblins
  14 jackals
  6 quokkas
  6 bats
  6 frilled lizards
  6 goblins
  A jackal skeleton (D:4)
  15 kobolds
  3 rats (D:2)
226 creatures vanquished.

Notes
Turn   | Place    | Note
-------+----------+-------------------------------------------
     0 | D:1      | Manul the Draconian Fighter began the quest for the Orb.
     0 | D:1      | Reached XP level 1. HP: 19/19 MP: 1/1
   160 | D:1      | Reached XP level 2. HP: 25/26 MP: 2/2
   631 | D:2      | Reached XP level 3. HP: 18/33 MP: 3/3
  1567 | D:3      | Reached skill level 1 in Stealth
  1747 | D:3      | Reached XP level 4. HP: 33/40 MP: 4/4
  2101 | D:3      | Reached XP level 5. HP: 44/46 MP: 5/5
  2176 | D:3      | Noticed Ijyb
  2188 | D:3      | Paralysed by Ijyb for 7 turns
  2203 | D:3      | Paralysed by Ijyb for 3 turns
  2211 | D:3      | Paralysed by Ijyb for 4 turns
  2218 | D:3      | Killed Ijyb
  2879 | D:4      | Noticed an ogre
  2901 | D:4      | Killed an ogre
  2901 | D:4      | Reached XP level 6. HP: 52/52 MP: 6/6
  3077 | D:4      | Noticed Edmund
  3077 | D:4      | Noticed Manul's ghost (amateur DrMo)
  3090 | D:3      | Killed Edmund
  3226 | D:4      | Killed Manul's ghost
  3226 | D:4      | Reached skill level 5 in Long Blades
  3226 | D:4      | Your scales start taking on a golden yellow colour.
  3226 | D:4      | Reached XP level 7. HP: 39/60 MP: 7/7
  3682 | D:5      | Entered Level 5 of the Dungeon
  3751 | D:5      | Noticed Grinder
  3751 | D:5      | Paralysed by Grinder for 2 turns
  3769 | D:5      | Killed Grinder
  3769 | D:5      | Reached XP level 8. HP: 29/67 MP: 8/8
  4339 | D:5      | Found a stormy altar of Qazlal.
  4340 | D:5      | Noticed an air elemental
  4356 | D:5      | Reached skill level 5 in Shields
  4839 | D:5      | Noticed a two-headed ogre
  4853 | D:5      | Killed a two-headed ogre
  4853 | D:5      | Reached skill level 5 in Fighting
  4853 | D:5      | Reached skill level 5 in Stealth
  4904 | D:5      | Found a staircase to the Ecumenical Temple.
  4920 | Temple   | Entered the Ecumenical Temple
  5317 | D:5      | Reached XP level 9. HP: 56/74 MP: 9/9
  6164 | D:6      | Reached skill level 5 in Dodging
  6210 | D:6      | Found Reluc's Antique Armour Shop.
  6294 | D:6      | Found Syhacada's Food Emporium.
  6430 | D:6      | Found Daatat's Magic Scroll Shoppe.
  6666 | D:7      | Got a pitted halberd
  6667 | D:7      | Identified the +5 halberd "Kidghiar" {speed, rF+ Str+2 Dex-3} (You found it on level 7 of the Dungeon)
  6695 | D:7      | Reached skill level 1 in Polearms
  7365 | D:7      | Found Yjybb's General Store.
  7368 | D:7      | Bought a scroll of teleportation for 45 gold pieces
  8742 | D:9      | Noticed a two-headed ogre
  8757 | D:9      | Killed a two-headed ogre
  8757 | D:9      | Reached XP level 10. HP: 21/84 MP: 10/10
  9023 | D:9      | Noticed Psyche
  9047 | D:9      | Killed Psyche
  9182 | D:9      | Got a smoking glass ring
  9194 | D:9      | Identified the ring of Mumuha {*Tele MR+ Dex+4} (You found it on level 9 of the Dungeon)
  9290 | D:9      | Found a hazy altar of Hepliaklqana.
  9344 | D:9      | Reached skill level 1 in Evocations
  9587 | D:10     | Entered Level 10 of the Dungeon
  9609 | D:10     | Gained mutation: Your magical capacity is low. (-10% MP) [mutagenic meat]
  9610 | D:10     | Gained mutation: You have sharp toenails. [mutagenic meat]
 10374 | D:10     | Noticed a gargoyle
 10399 | D:10     | Killed a gargoyle
 10399 | D:10     | Reached skill level 5 in Polearms
 11602 | D:11     | Noticed a deep elf mage
 11622 | D:11     | Killed a deep elf mage
 11698 | D:11     | Noticed a brown ugly thing
 11729 | D:11     | Killed a brown ugly thing
 11763 | D:11     | Gained mutation: Your magical capacity is very low. (-20% MP) [mutagenic meat]
 12051 | D:11     | Noticed a cyan ugly thing
 12090 | D:10     | Mangled by a cyan ugly thing

Vault maps used:
D:1:      dpeg_arrival_boxes_within_box, chequers_big_river
D:2:      first_bread
D:3:      roderic_digamma_sauvastika, minmay_snake_closets, uniq_ijyb
D:4:      uniq_edmund
D:5:      nicolae_qazlal_style_of_elements, minmay_temple_entry_statues_pillars,
          uniq_grinder
D:6:      serial_shops, nicolae_shop_statue_plus, shop,
          nicolae_shop_behind_doors
D:7:      serial_shops, kennysheep_mini
D:9:      basic_altar, uniq_psyche
D:10:     the_bakery
D:11:     grunt_lair_entry_orc_guard_hut, david_orc_2, serial_co_window_serial,
          co_window_paths_a, co_window_corner_a, co_window_corner_a,
          co_window_paths_a, co_window_corner_a, co_window_broadway_b,
          co_window_unsneaky_path_b, co_window_cross_3,
          co_window_of_opportunity_b, co_window_4corner_b, glass_columns_b,
          basic_altar
Temple:   minmay_crystal_snake_temple

Skill      XL: |  1  2  3  4  5  6  7  8  9 10 |
---------------+-------------------------------+-----
Dodging        | 3 4 6 8 |  8.3
Long Blades    | 3 4 5 6 7 8 |  8.1
Stealth        | 1 2 3 5 |  5.0
Fighting       | 4 5 6 8 |  8.7
Shields        | 4 5 6 |  6.8
Polearms       | 3 5 |  5.7
Evocations     | 1 |  1.1

Action                   |  1- 3 |  4- 6 |  7- 9 | 10-12 || total
-------------------------+-------+-------+-------+-------++-------
Melee: Long sword        |   126 |   181 |   342 |   304 ||   953
       Tailslap          |    13 |    24 |    56 |    53 ||   146
 Abil: Breathe Acid      |       |       |     4 |     3 ||     7
Evoke: Wand              |       |       |     6 |       ||     6
       Lightning rod     |       |       |       |     2 ||     2
  Use: Scroll            |     2 |     3 |     6 |     1 ||    12
       Potion            |       |     2 |     1 |     7 ||    10
 Stab: Sleeping          |     8 |    14 |    13 |    10 ||    45
       Paralysed         |       |       |     9 |       ||     9
       Distracted        |       |       |     1 |       ||     1
  Eat: Chunk             |     3 |     5 |    17 |    17 ||    42
Armor: Skin              |    57 |    67 |    69 |    59 ||   252
Dodge: Dodged            |    63 |    74 |   159 |   113 ||   409
Block: Shield            |    75 |    86 |   183 |   202 ||   546
       Reflection        |       |       |       |     1 ||     1
       Rpst.: Long sword |    14 |    18 |    51 |    29 ||   112
